 Dungeon Crawl Stone Soup version 0.26-a0-466-g989023bd0d (webtiles) character file.

Game seed: 18346644813458053040

6 pk666 the Magician (level 1, -4/10 HPs)
             Began as a Deep Elf Hedge Wizard on Aug 11, 2020.
             Slain by a leopard gecko (5 damage)
             ... on level 1 of the Dungeon.
             The game lasted 00:00:31 (155 turns).

pk666 the Magician (Deep Elf Hedge Wizard)           Turns: 155, Time: 00:00:32

Health: -4/10      AC:  2    Str:  7    XL:     1   Next: 75%
Magic:  0/8        EV: 13    Int: 18    God:
Gold:   25         SH:  0    Dex: 14    Spells: 8/9 levels left

rFire    . . .     SeeInvis .   a - +0 dagger
rCold    . . .     Faith    .   (no shield)
rNeg     . . .     Spirit   .   b - +0 robe
rPois    .         Reflect  .   c - +0 hat
rElec    .         Harm     .   (no cloak)
rCorr    .                      (no gloves)
MR       .....                  (no boots)
Stlth    ++........             (no amulet)
HPRegen  0.03/turn              (no ring)
MPRegen  0.11/turn              (no ring)

@: very slightly contaminated
A: no striking features
a: no special abilities


You were on level 1 of the Dungeon.
You visited 1 branch of the dungeon, and saw 2 of its levels.

You collected 25 gold pieces.

Inventory:

Hand Weapons
 a - a +0 dagger (weapon)
Armour
 b - a +0 robe (worn)
 c - a +0 hat (worn)
Scrolls
 d - a scroll of fog {unknown}
 e - a scroll of teleportation {unknown}


   Skills:
 - Level 2.4 Dodging
 - Level 2.4 Stealth
 + Level 4.7 Spellcasting
 + Level 1.6 Conjurations
   Level 1.1 Summonings
   Level 1.1 Translocations


You had 8 spell levels left.
You knew the following spells:

 Your Spells              Type           Power        Failure   Level
a - Magic Dart            Conj           ##..         7%          1

Your spell library contained the following spells:

 Spells                   Type           Power        Failure   Level
 Blink                    Tloc           N/A          13%         2
 Call Imp                 Summ           #.......     13%         2
 Slow                     Hex            #.......     21%         2
 Conjure Flame            Conj/Fire      #.......     30%         3
 Mephitic Cloud           Conj/Pois/Air  #.......     32%         3


Dungeon Overview and Level Annotations

Branches:
Dungeon (2/15)

Altars:


Message History

The leopard gecko closely misses you.
Casting: Magic Dart (safe; 7% risk of failure)
Confirm with . or Enter, or press ? or * to list all spells.
You don't have enough magic to cast that spell.
Casting: Magic Dart (safe; 7% risk of failure)
Confirm with . or Enter, or press ? or * to list all spells.
You don't have enough magic to cast that spell.
You hit the leopard gecko.
The leopard gecko is heavily wounded.
The leopard gecko bites you.
* * * LOW HITPOINT WARNING * * *
The leopard gecko closely misses you.
You hit the leopard gecko but do no damage.
The leopard gecko is heavily wounded.
The leopard gecko closely misses you.
You hit the leopard gecko but do no damage.
The leopard gecko is heavily wounded.
The leopard gecko bites you.
Ouch! That really hurt!
You die...

## ## #. #.. #. #...
#.
#....################
#.
#....)......l@......#
##
#....#########......#
# #... #......# # ###
######'### #
#.......# #
#.......###########
#.........)........
###################
###.....###


You could see a leopard gecko.

Vanquished Creatures
  A goblin (D:1)
  2 hobgoblins (D:1)
  2 kobolds (D:1)
5 creatures vanquished.

Notes
Turn   | Place    | Note
-------+----------+-------------------------------------------
     0 | D:1      | pk666 the Deep Elf Hedge Wizard began the quest for the
                  | Orb.
     0 | D:1      | Reached XP level 1. HP: 10/10 MP: 7/7
    13 | D:1      | You fall into a shaft and drop 1 floor!
   155 | D:1      | Slain by a leopard gecko

Illustrated notes

Levels and vault maps discovered:
D:1:      minmay_arrival_loop, layout_basic
D:2:      layout_loops_cross

Action                   || total
-------------------------++-------
Melee: Dagger            ||     9
 Cast: Magic Dart        ||    13
Armor: Robe              ||     1
Dodge: Dodged            ||    10

Table legend: (Time is in decaauts)
 A = Elapsed time spent in this place.
 B = Non-inter-level travel time spent in this place.
 C = Inter-level travel time spent in this place.
 D = Time resting spent in this place.
 E = Time spent auto-exploring this place.
 F = Levels seen in this place.
 G = Mean time per level.
                   A        B        C        D        E       F      G
               +--------+--------+--------+--------+--------+-----+--------+
         Total |    155 |    152 |      3 |      0 |    112 |   2 |   77.5 |
       Dungeon |    155 |    152 |      3 |      0 |    112 |   2 |   77.5 |
               +--------+--------+--------+--------+--------+-----+--------+

Top non-repeatable levels by time:
     D:1: 150 daAuts
     D:2: 4 daAuts
